 Dungeon Crawl Stone Soup version 0.30-a0-165-g1891117ce2 (webtiles) character file.

Game seed: 12933166192406083306

110 Flugkiller the Ruffian (level 5, 0/45 HPs)
             Began as a Meteoran Chaos Knight on Sept 28, 2022.
             Was a Plaything of Xom.
             Succumbed to a scorpion's poison
             ... on level 4 of the Dungeon.
             The game lasted 00:04:08 (1057 turns).

Flugkiller the Ruffian (Meteoran Chaos Knight)      Turns: 1057, Time: 00:04:09

Health: 0/45       AC: -2    Str: 14 (16) XL:     5   Next: 38%
Magic:  6/6        EV: 11    Int: 12 (13) God:    Xom [.*....]
Gold:   96         SH:  0    Dex: 10 (13) Spells: 4/4 levels left

rFire   . . .      SeeInvis .      - Unarmed
rCold   . . .      Faith    .    (no shield)
rNeg    + . .      Spirit   .    a - +2 leather armour
rPois   .          Reflect  .    (no helmet)
rElec   .          Harm     .    (no cloak)
rCorr   .          Rampage  .    (no gloves)
Will    .....                    (no boots)
Stlth   +.........               (no amulet)
HPRegen 0.15/turn                i - ring of positive energy
MPRegen 0.10/turn                (no ring)

@: lethally poisoned (0 -> -8), corroded, attractive, glowing
A: sense surroundings 1, otherworldly, glowing, explore regen
a: Renounce Religion


You were on level 4 of the Dungeon.
You worshipped Xom.
You were a plaything of Xom.
You visited 1 branch of the dungeon, and saw 4 of its levels.

You collected 96 gold pieces.

Inventory:

Missiles
 f - 5 poisoned darts
 p - 2 throwing nets
Armour
 a - a +2 leather armour (worn)
Jewellery
 i - a ring of positive energy (left hand)
   (You found it on level 2 of the Dungeon)
Scrolls
 c - a scroll of immolation {unknown}
 d - a scroll of vulnerability {unknown}
 g - a scroll of noise {unknown}
 k - a scroll of torment {unknown}
 n - a scroll of amnesia {unknown}
 o - a scroll of identify {unknown}
Potions
 j - a potion of degeneration
 q - a potion of curing
Miscellaneous
 b - a piece from Xom's chessboard (15/15) (quivered)


   Skills:
 - Level 3.2 Fighting
 - Level 2.4 Armour
 - Level 1.2 Dodging
 + Level 6.6 Unarmed Combat


You had 4 spell levels left.
You didn't know any spells.
Your spell library contained the following spells:

 Spells                   Type           Power      Damage    Failure   Level
 Gell's Gravitas          Tloc           0%         N/A       77%         3
 Teleport Other           Tloc           0%         N/A       77%         3
 Dispersal                Tloc           0%         N/A       100%        6


Dungeon Overview and Level Annotations

Branches:
Dungeon (4/15) Zot: 1357
 Temple: D:4-7

Altars:
Ashenzari
Hepliaklqana


Innate Abilities, Weirdness & Mutations

You passively map a small area around you.
You are easily found by Zot.
You glow in the dark.
You regain HP and MP as you explore.


Message History

The iguana is lightly wounded.
The iguana bites you. The kobold hits you with a +0 dagger.
You hit the iguana but do no damage.
The iguana is lightly wounded.
The iguana bites you. The kobold hits you but does no damage.
You hit the iguana but do no damage.
The iguana is lightly wounded.
The iguana bites you! The kobold hits you but does no damage.
You are too injured to fight recklessly!
The iguana barely misses you. The iguana attacks as you move away!
The iguana closely misses you.
The kobold is engulfed in seething chaos.
You hit the iguana but do no damage.
The iguana is lightly wounded.
The iguana is engulfed in seething chaos.
The iguana bites you.
You hit the iguana but do no damage.
The iguana is lightly wounded.
The iguana is engulfed in seething chaos.
The iguana suddenly stops moving!
The helpless iguana fails to defend itself.
You punch the iguana!
The iguana is severely wounded.
The iguana is engulfed in seething chaos.
The helpless iguana fails to defend itself.
You hit the iguana.
The iguana is almost dead.
The helpless iguana fails to defend itself.
You hit the iguana.
You kill the iguana!
You have reached level 5!
You barely miss the kobold. You hit the kobold.
You kill the kobold!
Things that are here:
a +0 dagger; a kobold corpse
Okay, then.
Found 2 throwing nets.
Your trail of clouds dissipates.
p - 2 throwing nets An adder comes into view.
The adder hisses angrily.
The adder bites you.
You miss the adder. You punch the adder.
The adder is lightly wounded.
The adder bites you.
You hit the adder.
The adder is moderately wounded.
The adder bites you but does no damage.
You hit the adder. You punch the adder, but do no damage.
The adder is heavily wounded.
The adder barely misses you.
You hit the adder.
The adder is severely wounded.
The adder bites you but does no damage.
You hit the adder but do no damage.
The adder is severely wounded.
The adder barely misses you. The adder bites you.
You are poisoned.
The adder poisons you!
You hit the adder.
You kill the adder!
You feel sick.
You feel sick.
You see here an adder corpse.
A jelly comes into view.
You feel sick.
The jelly quivers.
Found a glowing hat and 10 gold pieces.
You feel sick.
You are no longer poisoned.
A scorpion comes into view.
It was a potion of curing.
You feel better.
Xom is highly amused!
q - a potion of curing The scorpion stings you.
It was a potion of degeneration.
There was something very wrong with that liquid.
You feel weakened.
You feel dopey.
You feel clumsy. The scorpion stings you!
It was a potion of attraction.
You feel attractive to monsters.
Xom thinks this is hilarious!
The scorpion stings you but does no damage.
The jelly hits you. The acid corrodes you!
You are splashed with acid!
Okay, then.
It was a potion of magic.
Magic courses through your body. The scorpion misses you.
The jelly barely misses you. The scorpion barely misses you.
It was a potion of heal wounds.
You feel much better. The scorpion stings you.
You are poisoned.
The scorpion poisons you! The jelly hits you.
You are splashed with acid!
You hit the jelly but do no damage. The acid corrodes you!
Your hands burn!
You feel very sick. The scorpion completely misses you. The jelly hits you.
You are splashed with acid!
* * * LOW HITPOINT WARNING * * *
You hit the jelly but do no damage.
Your hands burn!
* * * LOW HITPOINT WARNING * * *
You die...
Xom chuckles heartily!

...., ..# #######..# #.#
...[.....# #.# ** * #..#
#.# ,,* #..# #.#
#J†#####.## * *
#.........#
##.########.######..####
, ......s@J....# #.....#
* * ##.########..#
##.##.# * #..# #.##.# *,
* , #..######)##.# *
#.....)...##.# ,*
####.#######.##.#
#.#####....#######.....
,
#.....................#
######.##########.####


You could see a scorpion and a jelly.

Vanquished Creatures
  An iguana (D:4)
  5 adders
  A dart slug (D:3)
  5 ball pythons
  2 endoplasms
  2 giant cockroaches (D:3)
  4 goblins
  2 hobgoblins
  3 jackals (D:1)
  3 kobolds
  A quokka (D:3)
  5 bats
  5 frilled lizards
39 creatures vanquished.

Notes
Turn   | Place    | Note
-------+----------+-------------------------------------------
     0 | D:1      | Flugkiller the Meteoran Chaos Knight began the quest for
                  | the Orb.
     0 | D:1      | Reached XP level 1. HP: 19/19 MP: 2/2
    38 | D:1      | XOM: divination: detect creatures
   106 | D:1      | Reached skill level 4 in Unarmed Combat
   136 | D:1      | XOM: silly message
   144 | D:1      | Reached XP level 2. HP: 26/26 MP: 3/3
   358 | D:2      | XOM: stealth player
   374 | D:2      | Reached skill level 5 in Unarmed Combat
   374 | D:2      | Reached XP level 3. HP: 29/31 MP: 4/4
   494 | D:3      | Reached XP level 4. HP: 27/38 MP: 5/5
   512 | D:3      | XOM: noise
   562 | D:3      | Found a hazy altar of Hepliaklqana.
   595 | D:3      | Noticed a +0 falchion
   595 | D:3      | Noticed a +0 spear
   596 | D:3      | Noticed a +0 short sword
   596 | D:3      | Noticed a +0 spear
   597 | D:3      | Noticed a +0 dagger
   597 | D:3      | Noticed a +0 dagger
   598 | D:3      | Noticed a +0 falchion
   598 | D:3      | Noticed a +0 short sword
   640 | D:3      | XOM: enchant monster (good)
   683 | D:2      | Found a faded altar of an unknown god.
   706 | D:2      | Found a broken altar of Ashenzari.
   710 | D:2      | Reached skill level 6 in Unarmed Combat
   897 | D:2      | XOM: cloud trail
  1011 | D:4      | Reached XP level 5. HP: 17/45 MP: 6/6
  1057 | D:4      | HP: 1/45 [acid (5)]
  1057 | D:4      | Succumbed to a scorpion's poison

Illustrated notes

Levels and vault maps discovered:
D:1:      dpeg_arrival_rooms_b, layout_basic, minmay_misc_feat_secret_circle
D:2:      layout_loops_corners, ebering_ecumenical_altar_rust, basic_altar
D:3:      layout_basic, nicolae_uskayaw_en_pointe, mainiacjoe_overflow_paths,
          chequers_serial_rivers_large_a, hex_intersection,
          kennysheep_jessica_study
D:4:      layout_loops_ring, overflow_temple_1_default,
          gammafunk_temple_overflow_pools, uniq_duvessa

Skill      XL: |  1  2  3  4 |
---------------+-------------+-----
Unarmed Combat | 4 5 6 |  6.6
Fighting       | |  3.2
Armour         | |  2.4
Dodging        | |  1.2

Action                   |  1- 3 |  4- 6 || total
-------------------------+-------+-------++-------
Melee: Unarmed           |   107 |    55 ||   162
       Punch             |     2 |     4 ||     6
  Use: Potion            |       |     5 ||     5
 Stab: Paralysed         |       |     6 ||     6
Armor: Leather armour    |    52 |    22 ||    74
Dodge: Dodged            |    75 |    23 ||    98

Table legend: (Time is in decaauts)
 A = Elapsed time spent in this place.
 B = Non-inter-level travel time spent in this place.
 C = Inter-level travel time spent in this place.
 D = Time resting spent in this place.
 E = Time spent auto-exploring this place.
 F = Levels seen in this place.
 G = Mean time per level.
                   A        B        C        D        E       F      G
               +--------+--------+--------+--------+--------+-----+--------+
         Total |   1042 |    996 |     46 |      0 |      0 |   4 |  260.5 |
       Dungeon |   1042 |    996 |     46 |      0 |      0 |   4 |  260.5 |
               +--------+--------+--------+--------+--------+-----+--------+

Top non-repeatable levels by time:
     D:2: 378 daAuts
     D:1: 350 daAuts
     D:3: 226 daAuts
     D:4: 86 daAuts
